 Dungeon Crawl Stone Soup version 0.23.1 (console) character file.

Game seed: 10543021029909020944

2315 fly the Firebug (level 9, -18/84 HPs)
             Began as an Ogre Fire Elementalist on Mar 15, 2019.
             Was a Follower of Uskayaw.
             Killed from afar by a deep elf mage (28 damage)
             ... with a bolt of lightning
             ... on level 6 of the Dungeon.
             The game lasted 00:15:40 (7075 turns).

fly the Firebug (Ogre Fire Elementalist)            Turns: 7075, Time: 00:15:41

Health: -18/84     AC:  5    Str: 20      XL:     9   Next: 41%
Magic:  2/13       EV: 10    Int: 16      God:    Uskayaw [*.....]
Gold:   207        SH:  0    Dex: 10 (12) Spells: 7/14 levels left

rFire    . . .     SeeInvis .   a - +2 quarterstaff (chaos)
rCold    . . .     Gourm    .   (shield currently unavailable)
rNeg     . . .     Faith    .   y - +1 robe
rPois    .         Spirit   .   (helmet restricted)
rElec    .         Reflect  .   q - +0 cloak
rCorr    .         Harm     .   (gloves unavailable)
MR       .....                  (boots unavailable)
Stlth    +.........             (no amulet)
HPRegen  0.24/turn              j - ring of attention (curse)
MPRegen  0.13/turn              e - +6 ring of strength

@: no status effects
A: large, unfitting armour, tough skin 1
a: Stomp, Renounce Religion


You were on level 6 of the Dungeon.
You worshipped Uskayaw.
Uskayaw was noncommittal.
You were not hungry.

You visited 2 branches of the dungeon, and saw 10 of its levels.
You also visited: Ossuary.

You collected 339 gold pieces.
You spent 132 gold pieces at shops.

Inventory:

Hand Weapons
 a - a +2 quarterstaff of chaos (weapon)
Armour
 q - a +0 cloak (worn)
 y - a +1 robe (worn)
Magical Staves
 b - an uncursed staff of death
Jewellery
 e - a +6 ring of strength (right hand)
 h - a +2 ring of dexterity
 j - a cursed ring of attention (left hand)
 C - a +2 ring of strength
Scrolls
 d - a scroll of enchant weapon
 i - 2 scrolls of amnesia
 o - a scroll of fog
 t - a scroll of immolation {unknown}
 v - a scroll of acquirement {unknown}
 x - a scroll of holy word {unknown}
 A - a scroll of magic mapping
 B - 3 scrolls of enchant armour
 D - a scroll of teleportation
Potions
 f - 3 potions of curing
 g - 3 potions of magic
 k - a potion of resistance {unknown}
 l - 2 potions of berserk rage {unknown}
 n - 2 potions of heal wounds {unknown}
 p - 3 potions of mutation {unknown}
 r - 2 potions of brilliance
 s - 2 potions of degeneration {unknown}
 u - a potion of flight
 w - a potion of invisibility {unknown}
 z - a potion of cancellation {unknown}
Comestibles
 c - 9 rations
 E - a chunk of flesh


   Skills:
 - Level 4.0 Fighting
 - Level 3.0 Staves
 - Level 3.0 Dodging
 - Level 1.4 Stealth
 - Level 3.0 Spellcasting
 - Level 6.2 Conjurations
 - Level 6.2 Fire Magic
 + Level 4.7 Evocations


You had 7 spell levels left.
You knew the following spells:

 Your Spells              Type           Power        Failure   Level  Hunger
c - Conjure Flame         Conj/Fire      ###.....     4%          3    ###....
n - Inner Flame           Hex/Fire       ##......     16%         3    ###....
z - Flame Tongue          Conj/Fire      ###..        1%          1    #......

Your spell library contained the following spells:

 Spells                   Type           Power        Failure   Level  Hunger
 Throw Flame              Conj/Fire      ###...       2%          2    ##.....
 Sticky Flame             Conj/Fire      ###.....     14%         4    #####..
 Fireball                 Conj/Fire      ###.......   38%         5    ######.


Dungeon Overview and Level Annotations

Branches:
Dungeon (9/15)             Temple (1/1) D:5
   Lair: D:8-11         Orc: D:9-12

Altars:
Ashenzari
Cheibriados
Dithmenos
Elyvilon
Fedhas
Gozag
Hepliaklqana
Kikubaaqudgha
Makhleb
Nemelex Xobeh
Okawaru
Qazlal
Ru
Sif Muna
Trog
Uskayaw
Vehumet
Wu Jian
Xom
Yredelemnul
Zin
The Shining One

Shops:
D:4 *


Innate Abilities, Weirdness & Mutations

You are too large for most types of armour.
You have tough skin. (AC +1)


Message History

The flame tongue hits the deep elf mage.
The deep elf mage is heavily wounded.
The deep elf mage hits you with a +0 long sword.
Casting: Flame Tongue (safe; 1% risk of failure)
Confirm with . or Enter, or press ? or * to list all spells.
You don't have enough magic to cast that spell.
The deep elf mage rages.
The deep elf mage hits you with a +0 long sword!
The deep elf mage hits you with a +0 long sword.
The deep elf mage barely misses you.
You can no longer pass through a line of other dancers.
The deep elf mage is no longer berserk.
The deep elf mage closely misses you. The deep elf mage casts a spell at you.
The bolt of lightning hits you!!
* * * LOW HITPOINT WARNING * * *
As you read the scroll of fog, it crumbles to dust.
The scroll dissolves into smoke.
The deep elf mage casts a spell at you. The bolt of lightning hits you!!
You die...

..........#######..##...##
.......... ##...##...##
#......... #......##..##
####...... #......###..##
...... #...#### ##..##
#.... #..## ##..#### ..
#>.# ##....# #..# #.....
#@## ##.... ##.# ####....
#..#########.......
#..#§e§§.....######
#§§e§§§§...........
#.§§§§§§§............
....§.§§§........8#####
..........[..........
......................


You could see a deep elf mage.

Vanquished Creatures
  A hydra (D:6)
  A hippogriff (D:7)
  An ice beast (D:5)
  A phantom (D:5)
  3 ogres
  An elf zombie (D:5)
  A bullfrog (D:6)
  2 elf skeletons (D:5)
  A wight (D:6)
  A crimson imp (D:5)
  A quasit (D:7)
  A bullfrog skeleton (D:5)
  A human zombie (D:5)
  2 hounds
  Crazy Yiuf (D:4)
  An orc priest (D:4)
  2 jellies
  An iguana (D:6)
  5 worker ants
  A hound skeleton (D:6)
  3 mummies (Ossuary)
  A worker ant zombie (D:5)
  7 adders
  A shadow imp (D:7)
  2 oozes
  2 adder zombies
  A worm (D:4)
  2 dart slugs
  5 leopard geckos
  7 orcs
  A ball python (D:1)
  4 giant cockroaches
  3 goblins
  8 hobgoblins
  16 jackals
  A quokka (D:2)
  13 bats
  7 frilled lizards
  3 goblin zombies (Ossuary)
  3 hobgoblin zombies (Ossuary)
  8 kobolds
  2 kobold zombies (Ossuary)
  An orc skeleton (D:5)
  An orc zombie (D:5)
  2 quokka skeletons
  3 quokka zombies
  9 rats
  6 rat zombies (Ossuary)
  A fungus (D:4)
152 creatures vanquished.

Vanquished Creatures (others)
  A kobold zombie (Ossuary)
1 creature vanquished.

Grand Total: 153 creatures vanquished

Notes
Turn   | Place    | Note
-------+----------+-------------------------------------------
     0 | D:1      | fly the Ogre Fire Elementalist began the quest for the Orb.
     0 | D:1      | Reached XP level 1. HP: 16/16 MP: 3/3
    54 | D:1      | Reached skill level 1 in Conjurations
   217 | D:1      | Reached XP level 2. HP: 24/24 MP: 2/5
   782 | D:1      | Reached XP level 3. HP: 31/31 MP: 5/7
  1735 | D:2      | Found a shattered altar of Ashenzari.
  1740 | D:2      | Found an opulent altar of Gozag.
  1741 | D:2      | Found a stormy altar of Qazlal.
  1744 | D:2      | Found a snail-covered altar of Cheibriados.
  1746 | D:2      | Found a shimmering altar of Xom.
  1851 | D:2      | Reached XP level 4. HP: 39/39 MP: 6/8
  2088 | D:2      | Learned a level 3 spell: Conjure Flame
  2092 | D:2      | Learned a level 3 spell: Inner Flame
  2588 | D:3      | Reached XP level 5. HP: 37/45 MP: 6/9
  3002 | D:4      | Reached skill level 1 in Fighting
  3046 | D:4      | Reached skill level 1 in Staves
  3109 | D:4      | Noticed an ogre
  3120 | D:4      | Killed an ogre
  3120 | D:4      | Reached XP level 6. HP: 59/59 MP: 3/10
  3221 | D:4      | Found Pircheid's General Store.
  3226 | D:4      | Bought a scroll of identify for 24 gold pieces
  3226 | D:4      | Bought a scroll of identify for 24 gold pieces
  3226 | D:4      | Bought a potion of flight for 36 gold pieces
  3226 | D:4      | Bought a potion of brilliance for 48 gold pieces
  4036 | D:4      | Found a runed translucent door.
  4037 | D:4      | Noticed Crazy Yiuf
  4051 | D:4      | Killed Crazy Yiuf
  4116 | D:5      | Entered Level 5 of the Dungeon
  4120 | D:5      | Reached skill level 1 in Evocations
  4120 | D:5      | Reached XP level 7. HP: 65/70 MP: 5/11
  4218 | D:5      | Found a sand-covered staircase.
  4374 | Ossuary  | Entered an ossuary
  4919 | D:5      | Found a staircase to the Ecumenical Temple.
  5107 | D:5      | Reached XP level 8. HP: 52/78 MP: 2/12
  5190 | D:5      | Found an ornate altar of the Wu Jian Council.
  5243 | D:5      | HP: 3/78 [ice beast (11)]
  5649 | Temple   | Entered the Ecumenical Temple
  5690 | Temple   | Became a worshipper of Uskayaw the Reveler
  5793 | D:6      | Reached * piety under Uskayaw
  5802 | D:6      | Reached ** piety under Uskayaw
  5816 | D:6      | Found a shadowy altar of Dithmenos.
  5910 | D:6      | Noticed a five-headed hydra
  5922 | D:6      | Killed a five-headed hydra
  5922 | D:6      | Reached XP level 9. HP: 38/84 MP: 4/13
  6093 | D:6      | You fall through a shaft for 3 floors!
  6453 | D:7      | Found a basalt altar of Yredelemnul.
  6772 | D:7      | Reached *** piety under Uskayaw
  7038 | D:6      | Noticed a deep elf mage
  7075 | D:6      | Killed from afar by a deep elf mage

Skill      XL: |  1  2  3  4  5  6  7  8  9 |
---------------+----------------------------+-----
Conjurations   | 1 2 3 4 6 |  6.2
Dodging        | 2 3 |  3.0
Fire Magic     | 3 6 |  6.2
Spellcasting   | 3 |  3.0
Fighting       | 2 4 |  4.0
Staves         | 2 3 |  3.0
Evocations     | 1 3 4 |  4.7
Stealth        | |  1.4

Action                   |  1- 3 |  4- 6 |  7- 9 || total
-------------------------+-------+-------+-------++-------
Melee: Unarmed           |    53 |    11 |       ||    64
       Staff             |       |    18 |       ||    18
       Quarterstaff      |       |       |   104 ||   104
 Cast: Flame Tongue      |    78 |   115 |   150 ||   343
       Conjure Flame     |       |     2 |    12 ||    14
       Inner Flame       |       |       |     1 ||     1
Evoke: Wand              |       |     1 |     6 ||     7
  Use: Scroll            |       |     9 |     6 ||    15
 Stab: Paralysed         |       |     1 |     6 ||     7
       Petrifying        |       |       |     1 ||     1
  Eat: Chunk             |     3 |     7 |    11 ||    21
Armor: Robe              |    39 |    35 |    71 ||   145
Dodge: Dodged            |    68 |    42 |   106 ||   216
